 Dungeon Crawl Stone Soup version 0.22-a0-348-gd16d1391c7 (webtiles) character file.

862764 thing2 the Gargoyle Barricade (level 27, -2/199 HPs)
             Began as a Gargoyle Fighter on Apr 2, 2018.
             Was the Champion of Cheibriados.
             Killed from afar by a molten gargoyle (7 damage)
             ... with a bolt of magma
             ... on level 7 of Gehenna on Apr 7, 2018.
             The game lasted 04:22:59 (87205 turns).

thing2 the Gargoyle Barricade (Gargoyle Fighter)   Turns: 87205, Time: 04:23:00

Health: -2/199     AC: 69    Str: 49    XL:     27
Magic:  32/40      EV: 19    Int: 28    God:    Cheibriados [******]
Gold:   4197       SH: 41    Dex: 32    Spells: 33/46 levels left

rFire    + + +     SeeInvis +   s - +9 demon blade (flame)
rCold    + + .     Gourm    .   W - +18 shield of the Gong {rElec rN+ MR+ EV-5}
rNeg     + + +     Faith    .   J - +12 gold dragon scales
rPois    ∞         Spirit   .   k - -2 hat of the Alchemist {rElec rPois rF+ rC+ rN+ MR+ rMut rCorr}
rElec    +         Reflect  .   j - +2 cloak of Parts Unknown {*Slow MR+ Int+2 Dex+3}
rCorr    +         Harm     .   z - +0 pair of gloves {Dex+3}
rMut     +                      D - +1 pair of boots
MR       +++++                  a - amulet of regeneration
Stlth    ..........             Z - ring "Zecaghec" {rPois rF+ Str+3}
HPRegen  1.83/turn              M - +6 ring of slaying
MPRegen  0.27/turn

@: flying, very slightly contaminated, regenerating, very slow
A: big wings, thin skeletal structure 1, yellow scales 1, see invisible, high mp
1, mutation resistance 1, negative energy resistance 1, screaming 1, shaggy fur
1, electricity resistance, unbreathing, petrification resistance, rot immunity,
AC +20
}: 4/15 runes: serpentine, barnacled, silver, abyssal
a: Stop Flying, Bend Time, Temporal Distortion, Slouch, Step From Time, Renounce
Religion


You were on level 7 of Gehenna.
You worshipped Cheibriados.
Cheibriados was exalted by your worship.
You were not hungry.

You visited 15 branches of the dungeon, and saw 63 of its levels.
You visited the Abyss 1 time.
You visited 1 bazaar.
You also visited: Labyrinth and Bailey.

You collected 9920 gold pieces.
You spent 5723 gold pieces at shops.

Inventory:

Hand Weapons
 s - a +9 demon blade of flaming (weapon)
 L - a +3 sacred scourge of holy wrath
Missiles
 m - 22 javelins (quivered)
Armour
 j - the +2 cloak of Parts Unknown (worn) {*Slow MR+ Int+2 Dex+3}
   (You bought it in a shop on level 1 of the Depths)

   It affects your intelligence (+2).
   It affects your dexterity (+3).
   It affects your resistance to hostile enchantments.
   It may slow you when you take damage.
 k - the -2 hat of the Alchemist (worn) {rElec rPois rF+ rC+ rN+ MR+ rMut rCorr}
   (You found it on level 5 of the Depths)

   It protects you from fire.
   It protects you from cold.
   It insulates you from electricity.
   It protects you from poison.
   It protects you from negative energy.
   It affects your resistance to hostile enchantments.
   It protects you from acid and corrosion.
   It protects you from mutation.
 z - a +0 pair of gloves of dexterity (worn)
 D - a +1 pair of boots (worn)
 E - a scarf of repulsion
 G - a scarf of cloud immunity
 J - +12 gold dragon scales (worn)
 R - the +8 orange crystal plate armour {Archmagi, Int+3 Clar}
   (You found it on level 4 of the Depths)

   It affects your intelligence (+3).
   It protects you against confusion.
 W - the +18 shield of the Gong (worn) {rElec rN+ MR+ EV-5}
   (You found it on level 15 of the Dungeon)

   It affects your evasion (-5).
   It insulates you from electricity.
   It protects you from negative energy.
   It affects your resistance to hostile enchantments.
Jewellery
 a - an amulet of regeneration (around neck)
 d - the ring "Bufoalil" {Wiz Int+3}
   (You took it off a deep elf high priest on level 5 of the Vaults)

   [ring of wizardry]

   It improves your spell success rate.
   It affects your intelligence (+3).
 g - the ring of Fisatiso {Ice rElec Str+4 Dex+4}
   (You took it off a deep elf mage on level 15 of the Dungeon)

   [ring of ice]

   It enhances your ice magic.
   It affects your strength (+4).
   It affects your dexterity (+4).
   It makes you vulnerable to fire.
   It protects you from cold.
   It insulates you from electricity.
 i - an uncursed ring of see invisible
 l - the ring "Zagema" {rF+ rC+}
   (You took it off a deep elf high priest on level 1 of the Realm of Zot)

   [ring of protection from cold]

   It protects you from fire.
   It protects you from cold.
 y - the ring of Linearity {-Tele +Inv rC+ Str+4 SInv}
   (You took it off an ironbrand convoker on level 5 of the Vaults)

   [ring of see invisible]

   It affects your strength (+4).
   It protects you from cold.
   It lets you see invisible.
   It lets you turn invisible.
   It prevents most forms of teleportation.
 M - a +6 ring of slaying (right hand)
 X - the ring of Poyneguc {-Tele rF+ Int+4 Stlth+}
   (You took it off Azrael on level 15 of the Dungeon)

   [ring of protection from fire]

   It affects your intelligence (+4).
   It protects you from fire.
   It prevents most forms of teleportation.
   It makes you more stealthy.
 Z - the ring "Zecaghec" (left hand) {rPois rF+ Str+3}
   (You took it off an ogre mage on level 15 of the Dungeon)

   [ring of poison resistance]

   It affects your strength (+3).
   It protects you from fire.
   It protects you from poison.
Wands
 h - a wand of digging (15)
 o - a wand of iceblast (66)
 S - a wand of acid (40)
 U - a wand of disintegration (21)
 V - a wand of clouds (23)
Scrolls
 e - 16 scrolls of identify
 n - 13 scrolls of fog
 p - 11 scrolls of immolation
 q - 2 scrolls of silence
 u - 22 scrolls of teleportation
 v - 5 scrolls of enchant weapon
 w - 19 scrolls of amnesia
 A - 2 scrolls of holy word
 C - 29 scrolls of remove curse
 H - a scroll of blinking
 I - 6 scrolls of fear
 K - 4 scrolls of torment
 N - 5 scrolls of enchant armour
 Q - 7 scrolls of magic mapping
Potions
 c - 3 potions of resistance
 r - 3 potions of agility
 x - 6 potions of brilliance
 B - 3 potions of might
 O - 16 potions of curing
 P - 5 potions of mutation
 T - 3 potions of magic
 Y - 5 potions of cancellation
Miscellaneous
 t - a phantom mirror
 F - the horn of Geryon
Comestibles
 f - 77 rations


   Skills:
 O Level 27 Fighting
 O Level 27 Long Blades
 + Level 26.0 Armour
 - Level 13.6 Dodging
 O Level 27 Shields
 - Level 10.0 Spellcasting
 - Level 3.1 Charms
 - Level 5.1 Necromancy
 - Level 3.0 Transmutations
 - Level 11.6 Earth Magic
 - Level 12.0 Invocations


You had 33 spell levels left.
You knew the following spells:

 Your Spells              Type           Power        Failure   Level  Hunger
a - Mephitic Cloud        Conj/Pois/Air  ##......     34%         3    None
b - Lee's Rapid Deconstr  Erth           ######....   2%          5    ###....
c - Passwall              Tmut/Erth      ######....   1%          2    None
d - Regeneration          Chrm/Necr      #####.....   6%          3    None


Dungeon Overview and Level Annotations

Branches:
Dungeon (15/15)            Temple (1/1) D:6            Lair (6/6) D:9
 Shoals (4/4) Lair:2        Snake (4/4) Lair:3        Slime (0/5) Lair:6
    Orc (2/2) D:11            Elf (3/3) Orc:2        Vaults (5/5) D:14
  Crypt (3/3) Vaults:2       Tomb (1/3) Crypt:3      Depths (5/5) D:15
   Hell (1/1)                 Dis (1/7) Hell            Geh (7/7) Hell
    Coc (0/7) Hell            Tar (0/7) Hell            Zot (5/5) Depths:5

Altars:
Ashenzari
Cheibriados
Dithmenos
Elyvilon
Fedhas
Gozag
Kikubaaqudgha
Makhleb
Nemelex Xobeh
Okawaru
Qazlal
Ru
Sif Muna
Trog
Yredelemnul
Zin
Beogh

Shops:
D:7 *   D:13 *   D:15 *(*   Orc:2 ([*=   Elf:1 (   Elf:3 *   Shoals:4 [
Snake:2 *   Snake:3 =}=[   Vaults:3 ?   Vaults:4 =   Vaults:5 :   Depths:1 %[
Depths:4 }   Depths:5 *

Portals:
Hell: Depths:1 Depths:2 Depths:3 Depths:4 Depths:5
Abyss: Depths:1 Depths:2 Depths:4
Pandemonium: Depths:3
Ziggurat: Depths:2

Annotations:
Depths:4 1 runed door


Innate Abilities, Weirdness & Mutations

You are resistant to torment.
Your stone body is resilient. (AC +20)
You are immune to poison.
Your large and strong wings let you fly indefinitely.
You resist negative energy. (rN+)
You are resistant to electric shocks. (rElec)
You can survive without breathing.
You are immune to petrification.
You are immune to rotting.
You have a somewhat thin skeletal structure. (Dex +2, Stealth)
You are partially covered in yellow scales. (AC +2)
You have supernaturally acute eyesight. (SInv)
You have an increased reservoir of magic. (+10% MP)
You are somewhat resistant to further mutation.
You occasionally shout uncontrollably at your foes.
You are covered in fur. (AC +1)


Message History

You feel yourself speed up. The balrug gestures at you.
The bolt of fire hits you! You resist.
* * * LOW HITPOINT WARNING * * *
The Brimstone Fiend calls on the powers of darkness!
Your body is wracked with pain!
* * * LOW HITPOINT WARNING * * *
You block the Brimstone Fiend's attack.
PTOANNNG!
You block the Brimstone Fiend's attack.
SHROANNG!
You block the Brimstone Fiend's attack.
GONNNNG!
The molten gargoyle blasts magma at you!
The bolt of magma hits the balrug.
The balrug partially resists.
The bolt of magma hits you! You partially resist.
* * * LOW HITPOINT WARNING * * *
The molten gargoyle blasts magma at you!
The bolt of magma hits you! You partially resist.
You die...

............§§≈§≈§≈≈≈≈≈≈≈≈≈
..)............≈≈≈≈≈≈≈≈≈≈≈≈
......##........≈≈≈§≈≈≈#≈≈≈
.......##.........≈≈§###≈≈≈
..................≈§§##≈≈≈≈
...≈.≈...........§§§≈#≈#≈≈≈
..≈§h≈...........§§§§###≈≈≈
≈.≈§§≈.......9...§.§§###≈≈≈
≈≈≈≈§≈≈≈≈.§).9Z9@.§≈≈###≈≈≈
≈≈§≈9≈§≈§§...9.21.≈.≈###≈≈≈
§§≈§≈§§≈≈§§).19.∩...≈###≈≈≈
≈§§≈≈≈§§§§§..3Z...§.§###≈≈≈
§§§≈≈≈≈§§≈≈.≈....§≈§§###≈≈≈
≈≈≈≈≈≈≈≈§≈§≈≈.≈.§§§≈§###≈≈≈
≈≈≈§§≈≈≈≈§≈≈≈§§≈§≈§≈≈###≈≈≈
≈≈≈≈≈≈≈≈≈§≈≈≈≈§§≈§≈≈§###≈≈≈
≈≈≈###################≈≈≈≈≈


You could see 2 Brimstone Fiends, a balrug, a sun demon, 5 molten gargoyles, a
shadow dragon zombie and a storm dragon zombie.

Vanquished Creatures
  Tiamat (Zot:2)
  3 ancient liches
  An orb of fire (Zot:5)
  Khufu (Crypt:3)
  Mara (Elf:3)
  4 juggernauts
  22 greater mummies
  Boris (Vaults:3)
  A curse toe (Zot:4)
  A shard shrike (Zot:1)
  2 caustic shrikes
  Saint Roka (Snake:1)
  Geryon (Hell)
  11 golden dragons
  2 profane servitors
  2 electric golems (Zot:1)
  28 Brimstone Fiends
  10 bone dragons
  16 liches
  Jorgrun (Shoals:4)
  A hellephant (Abyss:4)
  2 Hell Sentinels
  An Ice Fiend (Geh:3)
  20 tentacled monstrosities
  Rupert (D:14)
  2 Orb Guardians (Zot:5)
  An acid blob (Zot:1)
  6 quicksilver dragons
  2 deep elf master archers (Elf:3)
  Asterion (Snake:2)
  19 tentacled starspawn
  An Executioner (Abyss:4)
  4 titans
  2 ancient champions
  Frances (Shoals:1)
  Gastronok (D:10)
  10 sphinxes
  3 eldritch tentacles
  A kraken (Shoals:3)
  4 death cobs
  Kirke (D:12)
  6 tengu reavers
  10 shadow dragons
  11 storm dragons
  7 draconian monks
  10 nagarajas
  Ilsuiw (Shoals:3)
  A shadow dragon (shapeshifter) (Depths:4)
  3 revenants
  Donald (Lair:2)
  2 daevas (Abyss:4)
  10 frost giants
  9 vault wardens
  18 fire giants
  6 draconian knights
  3 cacodemons (Abyss:1)
  8 draconian scorchers
  2 orc warlords
  2 iron dragons
  6 ghost moths
  Aizul (Vaults:4)
  15 balrugs
  5 deep elf sorcerers
  5 curse skulls
  4 draconian stormcallers
  8 ghouls
  7 draconian shifters
  5 deep elf elementalists
  2 angels
  Louise (Shoals:3)
  A spriggan defender (Depths:3)
  14 ironheart preservers
  3 draconian annihilators
  18 reapers
  4 entropy weavers
  8 bennus (Tomb:1)
  31 very ugly things
  A corrupter (Abyss:3)
  An ophan (Abyss:4)
  2 war gargoyles
  25 stone giants
  5 vampire knights
  Azrael (D:15)
  81 starcursed masses
  Nessos (D:15)
  8 black draconians
  8 green draconians
  9 deep elf annihilators
  12 red draconians
  12 yellow draconians
  A lorocyproca (Hell)
  18 purple draconians
  7 deep elf demonologists
  16 white draconians
  7 eidola
  A spark wasp (Depths:3)
  A minotaur (Lab)
  5 quicksilver dragon zombies
  4 merfolk javelineers
  Josephine (Lair:2)
  16 fire dragons
  4 blizzard demons
  12 deep elf death magi
  4 green deaths
  13 jiangshi
  10 merfolk impalers
  11 mummy priests
  Snorg (Lair:4)
  An ettin (shapeshifter) (Elf:3)
  24 ettins
  The ghost of psch the Earth Mage, a journeyman DDEE of Makhleb (Lair:2)
  7 deep elf high priests
  21 yaktaur captains
  16 naga warriors
  10 ogre magi
  A kraken zombie (Hell)
  40 vault guards
  A hell beast (Depths:4)
  13 great orbs of eyes
  9 anacondas
  A quicksilver dragon skeleton (Geh:4)
  17 ice dragons
  4 spriggan air magi
  9 deep troll shamans
  9 rakshasas
  The ghost of syranez the Ducker, a novice TrWz of Makhleb (D:6)
  10 hydras
  2 catoblepae
  2 alligator snapping turtles
  28 two-headed ogres
  Erica (D:11)
  22 centaur warriors
  A spectral stone giant (Crypt:3)
  11 death knights
  3 merfolk avatars
  4 deep troll earth magi
  28 dancing weapons
  5 tengu warriors
  10 merfolk aquamancers
  A satyr (Shoals:3)
  2 alligators (D:12)
  5 death scarabs
  5 death yaks
  4 vampire magi
  15 naga sharpshooters
  5 shock serpents
  58 hell hogs
  Urug (D:12)
  A shock serpent (shapeshifter) (D:15)
  4 titan zombies
  43 small abominations
  61 hell knights
  6 orc high priests
  6 spriggan berserkers
  7 soul eaters
  25 sun demons
  Sonja (Orc:2)
  4 thrashing horrors
  19 deep elf knights
  3 titan skeletons
  20 wretched stars
  3 storm dragon zombies
  4 sixfirhies
  4 iron trolls
  30 skeletal warriors
  3 golden dragon zombies
  A spatial maelstrom (Abyss:4)
  2 fire crabs (Abyss:2)
  A sea snake (shapeshifter) (Vaults:2)
  7 shadow wraiths
  3 salamander mystics
  5 anaconda zombies
  2 storm dragon skeletons
  20 deep trolls
  8 glowing orange brains
  4 wizards
  A kraken simulacrum (Hell)
  13 sea snakes
  3 ghost moth zombies
  3 spark wasp zombies
  10 unseen horrors
  A death drake (shapeshifter) (Abyss:3)
  8 naga ritualists
  3 swamp dragons
  A sphinx zombie (Hell)
  20 flayed ghosts
  30 deep elf archers
  3 golden dragon skeletons
  2 anaconda skeletons
  9 phantasmal warriors
  Pikel (D:4)
  5 shadow dragon zombies
  90 deep elf magi
  12 harpies
  19 necromancers
  A harpy (shapeshifter) (Abyss:2)
  19 ironbrand convokers
  4 wolf spider zombies
  10 mana vipers
  3 iron dragon zombies
  26 orc knights
  4 shadow dragon skeletons
  2 salamanders (shapeshifter)
  The ghost of splatterpode the Insei, a novice OpFi of Okawaru (D:7)
  4 wolf spiders
  42 ugly things
  11 orc sorcerers
  A manticore (shapeshifter) (Vaults:2)
  5 fauns
  13 manticores
  6 iron dragon skeletons
  6 frost giant zombies
  3 worldbinders
  2 shining eyes (Abyss:4)
  A moth of wrath (shapeshifter) (Depths:2)
  4 stone giant skeletons
  22 moths of wrath
  16 salamanders
  9 elephants
  3 stone giant zombies
  2 fauns (shapeshifter)
  A guardian serpent (shapeshifter) (D:13)
  8 cyclopes
  7 guardian serpents
  50 large abominations
  2 rust devils
  43 black mambas
  A toenail golem (Abyss:1)
  An elephant (shapeshifter) (Depths:3)
  18 naga magi
  2 shock serpent zombies
  A black mamba (shapeshifter) (Vaults:1)
  8 merfolk sirens
  4 fire giant skeletons
  4 orange demons
  An eye of devastation (Abyss:2)
  2 ice statues
  7 apocalypse crabs
  A spiny frog (shapeshifter) (D:14)
  3 spriggan zombies (Hell)
  A shock serpent skeleton (Geh:2)
  19 smoke demons
  3 gargoyles
  A torpor snail (shapeshifter) (D:14)
  12 vault sentinels
  7 water nymphs
  5 molten gargoyles
  6 dire elephant zombies
  21 spiny frogs
  A torpor snail (Lair:5)
  6 dire elephant skeletons
  19 hellions
  An eye of devastation (shapeshifter) (Vaults:2)
  A komodo dragon (Lair:2)
  A grey draconian zombie (Crypt:2)
  16 freezing wraiths
  A catoblepas zombie (Geh:4)
  2 kobold demonologists
  44 yaktaurs
  A catoblepas skeleton (Abyss:4)
  5 ice devils
  21 tormentors
  A golden dragon simulacrum (Depths:2)
  A yaktaur (shapeshifter) (Vaults:4)
  15 ancient zymes
  9 efreet
  16 guardian mummies
  10 hellwings
  A rime drake (Lair:6)
  6 tengu conjurers
  8 trolls
  A demonic crawler (Hell)
  33 red devils
  A silent spectre (Abyss:4)
  A troll (shapeshifter) (Abyss:4)
  3 hydra zombies
  29 merfolk
  A queen bee (shapeshifter) (Elf:2)
  A sea snake skeleton (Crypt:2)
  A jumping spider (Vaults:2)
  3 hornets
  5 wind drakes
  3 harpy zombies
  2 shadow dragon simulacra
  A tyrant leech (shapeshifter) (Depths:3)
  3 harpy skeletons
  4 tyrant leeches (Lair:6)
  19 slime creatures
  11 hippogriffs
  A hippogriff (shapeshifter) (Elf:3)
  3 fire dragon zombies
  34 blink frogs
  A moth of wrath zombie (Crypt:2)
  A raiju (shapeshifter) (Abyss:3)
  11 dream sheep
  28 raiju
  9 snapping turtles
  3 ice dragon zombies
  2 stone giant simulacra
  2 deep troll zombies (Hell)
  3 hydra skeletons
  5 ettin zombies
  2 fire giant simulacra
  3 redbacks
  3 black mamba zombies
  A guardian serpent skeleton (Crypt:2)
  2 fire dragon skeletons
  21 shadows
  2 tarantellas (Vaults:2)
  4 ettin skeletons
  29 wraiths
  3 air elementals
  105 flying skulls
  15 ynoxinuls
  A spriggan (shapeshifter) (D:14)
  5 vampires
  An ice dragon skeleton (Crypt:1)
  2 redbacks (shapeshifter)
  15 water elementals
  3 ushabtiu (Tomb:1)
  4 basilisks
  3 alligator skeletons
  A wyvern (shapeshifter) (Depths:2)
  38 fire elementals
  2 hogs (D:12)
  16 humans (D:13)
  6 wyverns
  91 yaks
  7 fire bats
  16 chaos spawn
  10 vampire mosquitoes
  2 hungry ghosts (D:11)
  A golden eye (shapeshifter) (Depths:1)
  15 neqoxecs
  A harpy simulacrum (Crypt:3)
  A swamp worm (shapeshifter) (Depths:1)
  5 acid dragons
  A merfolk zombie (Abyss:3)
  A spatial vortex (Geh:1)
  5 wargs
  64 nagas
  4 hydra simulacra
  5 insubstantial wisps (Abyss:4)
  An orb spider zombie (Crypt:2)
  42 hell hounds
  6 porcupines
  2 spiny frog zombies
  14 water moccasins
  5 ice beasts
  2 merfolk skeletons
  85 orc warriors
  4 spiny frog skeletons
  4 black bears
  3 floating eyes
  A sky beast (D:12)
  7 phantoms
  A slave (D:4)
  An ogre (shapeshifter) (Vaults:1)
  A spriggan simulacrum (Depths:2)
  22 necrophages
  5 eyes of draining
  2 snapping turtle zombies
  A swamp dragon zombie (Tomb:1)
  5 snapping turtle skeletons
  8 boggarts
  33 ogres
  10 wolves
  23 centaurs
  A swamp dragon skeleton (Geh:1)
  7 crocodiles
  2 manticore skeletons
  4 big kobolds
  22 bullfrogs
  3 wyvern zombies
  3 earth elementals
  An elf skeleton (D:7)
  8 scorpions
  A cyclops skeleton (Crypt:1)
  A shapeshifter zombie (Crypt:1)
  8 killer bees
  3 troll skeletons
  A polar bear skeleton (Crypt:1)
  5 spriggan skeletons
  A howler monkey (D:5)
  79 wights
  10 electric eels
  3 bullfrog zombies
  22 crimson imps
  7 quasits
  2 centaur zombies
  3 human zombies
  12 hounds
  5 iron imps
  37 orc priests
  3 bullfrog skeletons
  5 centaur skeletons
  6 jellies
  A human skeleton (Geh:1)
  36 orc wizards
  2 soldier ant zombies
  7 hell rats (Lair:5)
  4 iguanas
  A worker ant (shapeshifter) (Depths:5)
  12 worker ants
  Terence (D:2)
  A crocodile zombie (Crypt:1)
  An ogre zombie (Geh:2)
  An ogre skeleton (Geh:2)
  A tengu skeleton (Geh:6)
  A hound skeleton (D:8)
  15 mummies
  A howler monkey zombie (D:6)
  Robin (D:1)
  14 adders
  4 gnolls
  A shadow imp (D:6)
  6 white imps
  An ufetubus (Abyss:4)
  7 oozes
  A worm (shapeshifter) (Elf:1)
  A dart slug (D:1)
  3 worms
  6 leopard geckos
  183 orcs
  6 ball pythons
  6 bats
  8 giant cockroaches
  16 goblins
  7 hobgoblins
  21 jackals
  13 kobolds
  5 quokkas
  9 frilled lizards
  A frilled lizard skeleton (Crypt:2)
  A frilled lizard zombie (Crypt:2)
  3 jackal skeletons
  A jackal zombie (D:8)
  An orc skeleton (D:7)
  2 orc zombies
  3 rats
  5 crawling corpses
  2 fire vortices
  2 lurking horrors
  18 starspawn tentacles
  7 tentacles
4068 creatures vanquished.

Vanquished Creatures (others)
  3 sphinxes (Tomb:1)
  2 revenants (Tomb:1)
  A fire giant (Depths:2)
  A reaper (Geh:7)
  A merfolk impaler (Shoals:4)
  6 death scarabs (Tomb:1)
  2 hell hogs
  A skeletal warrior (Tomb:1)
  A shadow wraith (Vaults:3)
  2 deep elf magi (Elf:1)
  A stone giant skeleton (Tomb:1)
  A smoke demon (Hell)
  An orange demon (Hell)
  An ice devil (Hell)
  2 red devils
  A hippogriff (D:15)
  A large abomination (Abyss:4)
  A fire giant simulacrum (Abyss:4)
  A flying skull (Geh:1)
  A shadow (Geh:1)
  A water elemental (Elf:1)
  A wraith (Abyss:4)
  3 humans (D:12)
  A naga (Snake:4)
  A hell hound (Abyss:3)
  2 small abominations (Abyss:4)
  2 wights (Geh:4)
  A hound (shapeshifter) (Depths:2)
  5 mummies (Tomb:1)
  3 orcs
  A ball python (D:4)
  A kobold skeleton (Geh:6)
  A bush (Lair:5)
  7 fungi
  4 lurking horrors
  48 plants
  35 starspawn tentacles
  19 tentacles
167 creatures vanquished.

Grand Total: 4235 creatures vanquished

Notes
Turn   | Place    | Note
-------+----------+-------------------------------------------
     0 | D:1      | thing2 the Gargoyle Fighter began the quest for the Orb.
     0 | D:1      | Reached XP level 1. HP: 14/14 MP: 1/1
   259 | D:1      | Reached XP level 2. HP: 19/19 MP: 2/2
   754 | D:2      | Noticed Robin
   764 | D:1      | Reached XP level 3. HP: 23/23 MP: 3/3
   799 | D:1      | Killed Robin
  1152 | D:1      | Reached XP level 4. HP: 13/28 MP: 4/4
  1461 | D:2      | Noticed Terence
  1497 | D:2      | Killed Terence
  1497 | D:2      | Reached XP level 5. HP: 32/32 MP: 5/5
  2343 | D:4      | Reached XP level 6. HP: 36/38 MP: 6/6
  2430 | D:4      | Got a twisted chain mail
  2441 | D:4      | Identified the +5 chain mail "Fuopup" {*Slow rElec rCorr} (You found it on level 4 of the Dungeon)
  2530 | D:4      | Noticed a slave
  2531 | D:4      | Noticed a slave
  2532 | D:4      | Noticed Pikel
  2536 | D:4      | Noticed a slave
  2538 | D:4      | Noticed a slave
  2543 | D:4      | Killed a slave
  2584 | D:4      | Killed Pikel
  2584 | D:4      | Reached skill level 5 in Fighting
  2584 | D:4      | Reached skill level 5 in Long Blades
  2584 | D:4      | Reached skill level 1 in Dodging
  2584 | D:4      | Reached skill level 5 in Shields
  2584 | D:4      | Reached XP level 7. HP: 32/44 MP: 7/7
  2666 | D:4      | Reached XP level 8. HP: 49/49 MP: 8/8
  2797 | D:4      | Found a sacrificial altar of Ru.
  3009 | D:5      | Entered Level 5 of the Dungeon
  3146 | D:5      | Found a shadowy altar of Dithmenos.
  3604 | D:5      | Reached skill level 5 in Armour
  4376 | D:6      | Reached XP level 9. HP: 55/55 MP: 9/9
  4639 | D:6      | Found a staircase to the Ecumenical Temple.
  4657 | Temple   | Entered the Ecumenical Temple
  4701 | Temple   | Became a worshipper of Cheibriados the Contemplative
  4761 | D:6      | Found an iron altar of Okawaru.
  4765 | D:6      | Found a glowing silver altar of Zin.
  5334 | D:6      | Noticed syranez's ghost (novice TrWz)
  5384 | D:6      | Killed syranez's ghost
  5384 | D:6      | Reached skill level 1 in Invocations
  5738 | D:7      | Found an opulent altar of Gozag.
  5822 | D:7      | Reached * piety under Cheibriados
  5971 | D:7      | Found Mollommi's Assorted Antiques.
  5979 | D:7      | Bought a potion of might for 96 gold pieces
  5979 | D:7      | Bought a potion of heal wounds for 120 gold pieces
  5979 | D:7      | Bought 2 scrolls labeled VAELEA KUOR for 48 gold pieces
  5985 | D:7      | Gained mutation: You have supernaturally acute eyesight. (SInv) [potion of mutation]
  5985 | D:7      | Gained mutation: Your large and strong wings let you fly indefinitely. [potion of mutation]
  5985 | D:7      | Gained mutation: Your natural rate of healing is unusually fast. [potion of mutation]
  6051 | D:7      | Reached XP level 10. HP: 63/63 MP: 11/11
  6085 | D:7      | Noticed splatterpode's ghost (novice OpFi)
  6105 | D:7      | Killed splatterpode's ghost
  6205 | D:7      | Found an ancient bone altar of Kikubaaqudgha.
  6768 | D:8      | Reached ** piety under Cheibriados
  7032 | D:8      | Noticed a white ugly thing
  7043 | D:8      | Killed a white ugly thing
  7233 | D:8      | Reached XP level 11. HP: 58/69 MP: 14/14
  7802 | D:9      | Noticed a two-headed ogre
  7829 | D:9      | Killed a two-headed ogre
  7829 | D:9      | Reached skill level 5 in Invocations
  7844 | D:9      | Noticed a death yak
  7863 | D:9      | Noticed a death yak
  7867 | D:9      | Noticed a death yak
  7867 | D:9      | Noticed a death yak
  7868 | D:9      | Noticed a death yak
  7870 | D:9      | Killed a death yak
  7937 | D:9      | Found a flagged portal.
  7946 | Bailey   | Entered a bailey
  7946 | Bailey   | Noticed an orc knight
  8073 | Bailey   | Reached *** piety under Cheibriados
  8209 | Bailey   | Killed an orc knight
  8332 | Bailey   | Noticed an orc knight
  8359 | Bailey   | Killed an orc knight
  8471 | D:9      | Killed a death yak
  8502 | D:9      | Found a staircase to the Lair.
  8657 | D:10     | Entered Level 10 of the Dungeon
  8672 | D:10     | Killed a death yak
  8733 | D:10     | Killed a death yak
  8773 | D:10     | Killed a death yak
  8773 | D:10     | Reached skill level 10 in Long Blades
  8773 | D:10     | Reached skill level 10 in Shields
  8778 | D:10     | Reached XP level 12. HP: 47/76 MP: 13/16
  8961 | D:9      | Found a shattered altar of Ashenzari.
  9482 | D:10     | Noticed Gastronok
  9501 | D:10     | Killed Gastronok
  9626 | D:10     | Reached **** piety under Cheibriados
  9902 | D:10     | Noticed a three-headed hydra
  9909 | D:10     | Found a roughly hewn altar of Beogh.
 10003 | Lair:1   | Entered Level 1 of the Lair of Beasts
 11106 | Lair:1   | Learned a level 3 spell: Mephitic Cloud
 11112 | Lair:1   | Learned a level 5 spell: Lee's Rapid Deconstruction
 11115 | Lair:1   | Learned a level 2 spell: Passwall
 11152 | Lair:2   | Noticed psch's ghost (journeyman DDEE)
 11188 | Lair:2   | Killed psch's ghost
 11188 | Lair:2   | Reached skill level 1 in Spellcasting
 11188 | Lair:2   | Reached skill level 1 in Transmutations
 11188 | Lair:2   | Reached skill level 1 in Earth Magic
 11441 | Lair:2   | Reached XP level 13. HP: 79/82 MP: 18/18
 11497 | Lair:2   | Found a staircase to the Shoals.
 11512 | Lair:2   | Reached ***** piety under Cheibriados
 12142 | Lair:3   | Found a staircase to the Snake Pit.
 12206 | Lair:3   | Identified a scroll of acquirement
 12221 | Lair:3   | Reached skill level 5 in Earth Magic
 12248 | Lair:3   | Found a labyrinth entrance.
 12257 | Lab      | Entered a labyrinth
 12553 | Lab      | Noticed a minotaur
 12560 | Lab      | Killed a minotaur
 12571 | Lab      | Found the +4 moon troll leather armour {Spirit, Regen++ MP+5}
 12571 | Lab      | Got an ancient ivory ring
 12578 | Lab      | Identified the ring of the Dropbear {Fire rN+ SInv} (You found it in a labyrinth)
 12583 | Lab      | Got a ripped robe
 12643 | Lair:3   | Reached skill level 10 in Fighting
 13967 | D:11     | Reached ****** piety under Cheibriados
 14200 | D:11     | Reached skill level 10 in Armour
 14365 | D:11     | Found a staircase to the Orcish Mines.
 14726 | Orc:1    | Entered Level 1 of the Orcish Mines
 14727 | Orc:1    | Noticed Erica
 14804 | D:11     | Killed Erica
 14829 | Orc:1    | Noticed an ettin
 14841 | Orc:1    | Killed an ettin
 15124 | Orc:1    | Mutation became permanent: Your large and strong wings let you fly indefinitely. [Gargoyle growth]
 15124 | Orc:1    | Gained mutation: Your large and strong wings let you fly indefinitely. [Gargoyle growth]
 15124 | Orc:1    | Reached XP level 14. HP: 82/88 MP: 20/20
 15443 | Orc:2    | Entered Level 2 of the Orcish Mines
 15443 | Orc:2    | Found a staircase to the Elven Halls.
 16221 | Orc:2    | Noticed Sonja
 16223 | Orc:2    | Killed Sonja
 16603 | Orc:2    | Noticed an orc warlord
 16624 | Orc:2    | Killed an orc warlord
 16892 | Orc:2    | Found Fefradoe's General Store.
 16893 | Orc:2    | Found Septouru's Jewellery Emporium.
 16895 | Orc:2    | Found Dubruzic's Antique Armour Shoppe.
 16895 | Orc:2    | Found Maunaodug's Antique Weapon Shoppe.
 16922 | Orc:2    | Bought a sapphire long sword for 195 gold pieces
 16923 | Orc:2    | Identified the +7 long sword "Saemiad" {flame, rPois rC+ Int+3 Dex+3} (You bought it in a shop on level 2 of the Orcish Mines)
 16941 | Orc:2    | Bought a +6 ring of slaying for 1869 gold pieces
 17490 | D:12     | Noticed Kirke
 17509 | D:12     | Noticed a sphinx
 17512 | D:12     | Killed Kirke
 17771 | D:12     | Noticed Urug
 17782 | D:12     | Killed Urug
 18088 | D:13     | Reached XP level 15. HP: 95/96 MP: 22/22
 18403 | D:13     | Found Ufeweh's Assorted Antiques.
 18806 | D:14     | Found a gate to the Vaults.
 18836 | D:13     | Reached skill level 10 in Invocations
 18914 | D:14     | Found a blossoming altar of Fedhas.
 18955 | D:14     | Found a sacrificial altar of Ru.
 18958 | D:14     | Noticed Rupert
 18966 | D:14     | Killed Rupert
 19465 | D:15     | Entered Level 15 of the Dungeon
 19465 | D:15     | Found the +18 shield of the Gong {rElec rN+ MR+ EV-5}
 19495 | D:15     | Paralysed by a floating eye for 3 turns
 19506 | D:15     | Paralysed by a floating eye for 2 turns
 19511 | D:15     | Noticed Nessos
 19542 | D:15     | Killed Nessos
 19575 | D:15     | Found a staircase to the Depths.
 19638 | D:15     | Noticed Azrael
 19654 | D:15     | Killed Azrael
 19724 | D:15     | Reached XP level 16. HP: 103/103 MP: 23/23
 20029 | D:15     | Got a smoking glass ring
 20074 | D:15     | Noticed a tengu reaver
 20107 | D:15     | Killed a tengu reaver
 20168 | D:15     | Got a transparent pewter ring
 20224 | D:15     | Found Hastrukiw's Assorted Antiques.
 20239 | D:15     | Bought a scroll of identify for 58 gold pieces
 20245 | D:15     | Identified the ring of Poyneguc {-Tele rF+ Int+4 Stlth+} (You took it off Azrael on level 15 of the Dungeon)
 20247 | D:15     | Identified the ring "Zecaghec" {rPois rF+ Str+3} (You took it off an ogre mage on level 15 of the Dungeon)
 20581 | Lair:4   | Noticed Snorg
 20803 | Lair:4   | Killed Snorg
 22391 | Lair:6   | Entered Level 6 of the Lair of Beasts
 22866 | Lair:5   | Reached XP level 17. HP: 110/110 MP: 25/25
 22904 | Lair:5   | Reached skill level 15 in Shields
 23324 | Lair:6   | Found a staircase to the Slime Pits.
 23903 | Snake:1  | Entered Level 1 of the Snake Pit
 24839 | Snake:2  | Noticed Asterion
 25016 | Snake:2  | Noticed Saint Roka
 25778 | Snake:1  | Killed Saint Roka
 25778 | Snake:1  | Reached XP level 18. HP: 46/117 MP: 27/27
 26211 | Snake:2  | Killed Asterion
 26265 | Snake:2  | Got a bloodstained helmet
 26277 | Snake:2  | Identified the +2 helmet of Creativity {*Contam +Fly rF+} (You found it on level 2 of the Snake Pit)
 26328 | Snake:2  | Found Mikh's General Store.
 26334 | Snake:2  | Bought a scroll of enchant weapon for 97 gold pieces
 26334 | Snake:2  | Bought a scroll of holy word for 97 gold pieces
 26637 | Snake:3  | Reached skill level 15 in Long Blades
 26950 | Snake:3  | Reached skill level 15 in Fighting
 27228 | Snake:3  | Found Metacif's Armour Boutique.
 27279 | Snake:3  | Found Muist's Gadget Boutique.
 27280 | Snake:3  | Found Onneadoh's Jewellery Shoppe.
 27280 | Snake:3  | Found Waqaf's Jewellery Shoppe.
 27622 | Snake:4  | Entered Level 4 of the Snake Pit
 28687 | Snake:4  | Reached XP level 19. HP: 125/125 MP: 28/28
 28890 | Snake:4  | Got a serpentine rune of Zot
 29394 | Shoals:1 | Entered Level 1 of the Shoals
 29402 | Shoals:1 | Noticed Josephine
 29591 | Lair:2   | Killed Josephine
 29708 | Shoals:1 | Noticed Donald
 29723 | Lair:2   | Killed Donald
 30834 | Shoals:2 | Noticed Frances
 30849 | Shoals:1 | Killed Frances
 31164 | Shoals:2 | Identified the Almanac of Damaging Clay
 31668 | Shoals:3 | Noticed Ilsuiw
 32044 | Shoals:3 | Noticed Louise
 32083 | Shoals:3 | Killed Ilsuiw
 32108 | Shoals:3 | Killed Louise
 32315 | Shoals:3 | Reached skill level 15 in Armour
 32765 | Shoals:4 | Entered Level 4 of the Shoals
 32784 | Shoals:4 | Noticed Jorgrun
 32877 | Shoals:4 | Killed Jorgrun
 33193 | Shoals:4 | Got a barnacled rune of Zot
 33626 | Shoals:4 | Reached XP level 20. HP: 69/132 MP: 29/29
 33763 | Shoals:4 | Identified the Collected Works on Creative Earth
 33881 | Shoals:4 | Found Ylud's Antique Armour Boutique.
 33902 | Shoals:4 | Bought a runed large shield for 247 gold pieces
 34511 | D:11     | Gained mutation: You are weak. (Str -2) [mutagenic glow]
 34612 | D:11     | Lost mutation: You are weak. (Str -2) [potion of mutation]
 34612 | D:11     | Lost mutation: You have supernaturally acute eyesight. (SInv) [potion of mutation]
 34612 | D:11     | Gained mutation: You tend to lose your temper in combat. [potion of mutation]
 34612 | D:11     | Gained mutation: You are partially covered in molten scales. (AC +2) [potion of mutation]
 34612 | D:11     | Gained mutation: You are partially covered in yellow scales. (AC +2) [potion of mutation]
 34613 | D:11     | Lost mutation: You are partially covered in molten scales. (AC +2) [potion of mutation]
 34613 | D:11     | Lost mutation: You tend to lose your temper in combat. [potion of mutation]
 34613 | D:11     | Gained mutation: You possess an exceptional clarity of mind. [potion of mutation]
 34613 | D:11     | Gained mutation: You expend magic power (3 MP) to strengthen your wands. [potion of mutation]
 34613 | D:11     | Gained mutation: You have supernaturally acute eyesight. (SInv) [potion of mutation]
 34636 | Elf:1    | Entered Level 1 of the Elven Halls
 35329 | Elf:1    | Found Zoumazu's Weapon Emporium.
 36182 | Elf:2    | Found a huge runed gate.
 36182 | Elf:2    | Found a huge runed gate.
 36182 | Elf:2    | Found a huge runed gate.
 36187 | Elf:2    | Found a huge runed gate.
 36188 | Elf:2    | Found a huge runed gate.
 36737 | Elf:3    | Entered Level 3 of the Elven Halls
 36784 | Elf:3    | Noticed Mara
 36789 | Elf:3    | Noticed thing2's illusion
 36807 | Elf:3    | Killed Mara
 36834 | Elf:3    | Reached XP level 21. HP: 126/140 MP: 30/30
 37142 | Elf:3    | Identified Fiosouwu's Foundations of Spellweaving
 37143 | Elf:3    | Found the +3 crown of Dyrovepreva {rElec Int+2 SInv}
 37212 | Elf:3    | Identified the Tome of Compression
 38106 | Elf:3    | Found Foagut's General Store.
 38111 | Elf:3    | Bought a scroll of identify for 38 gold pieces
 38148 | Elf:3    | Found a roughly hewn altar of Beogh.
 38713 | Vaults:1 | Entered Level 1 of the Vaults
 38834 | Vaults:1 | Found a flickering gateway to a bazaar.
 38846 | Bazaar   | Entered a bazaar
 38846 | Bazaar   | Found Zitielucw's Assorted Antiques.
 38846 | Bazaar   | Found Eroinu Buena's Magic Scroll Shoppe.
 38846 | Bazaar   | Found Ecroissa's Distillery.
 38848 | Bazaar   | Found Heumumas's General Store.
 38848 | Bazaar   | Found Xuaryk's Book Boutique.
 38894 | Bazaar   | Bought a scroll of acquirement for 624 gold pieces
 38907 | Bazaar   | Bought a scroll of brand weapon for 240 gold pieces
 38912 | Bazaar   | Bought a scroll of enchant armour for 90 gold pieces
 38912 | Bazaar   | Bought a scroll of identify for 24 gold pieces
 38912 | Bazaar   | Bought a scroll of enchant armour for 90 gold pieces
 38912 | Bazaar   | Bought a scroll of silence for 90 gold pieces
 38933 | Bazaar   | Bought a scroll of magic mapping for 84 gold pieces
 38939 | Bazaar   | Bought a potion of agility for 68 gold pieces
 38939 | Bazaar   | Bought a potion of brilliance for 68 gold pieces
 38939 | Bazaar   | Bought a potion of curing for 51 gold pieces
 38939 | Bazaar   | Bought a potion of magic for 136 gold pieces
 39848 | Vaults:1 | Reached XP level 22. HP: 148/148 MP: 31/31
 41756 | Vaults:2 | Found a staircase to the Crypt.
 42471 | Vaults:3 | Noticed Boris
 42479 | Vaults:3 | HP: 5/149 [Boris/bolt of cold (22)]
 42487 | Vaults:3 | Killed Boris
 42808 | Vaults:3 | Found Atuuv's Magic Scroll Shoppe.
 43462 | Vaults:3 | Bought a scroll of identify for 36 gold pieces
 43462 | Vaults:3 | Bought a scroll of identify for 36 gold pieces
 43462 | Vaults:3 | Bought a scroll of identify for 36 gold pieces
 43462 | Vaults:3 | Bought a scroll of teleportation for 54 gold pieces
 43462 | Vaults:3 | Bought a scroll of identify for 36 gold pieces
 43462 | Vaults:3 | Bought a scroll of teleportation for 54 gold pieces
 43462 | Vaults:3 | Bought a scroll of identify for 36 gold pieces
 43462 | Vaults:3 | Bought a scroll of teleportation for 54 gold pieces
 43462 | Vaults:3 | Bought a scroll of enchant armour for 135 gold pieces
 43640 | Vaults:3 | Reached XP level 23. HP: 143/155 MP: 32/32
 44103 | Vaults:4 | Found Zoiqio Huxt's Jewellery Shoppe.
 44370 | Vaults:4 | Found a blossoming altar of Fedhas.
 44470 | Vaults:4 | Noticed Aizul
 44482 | Vaults:4 | Killed Aizul
 45079 | Crypt:1  | Entered Level 1 of the Crypt
 46366 | Crypt:2  | Got a heavily runed large shield
 46368 | Crypt:2  | Identified the +1 large shield "Mehekh" {rPois rC- Dex+7} (You found it on level 2 of the Crypt)
 46850 | Crypt:3  | Entered Level 3 of the Crypt
 47208 | Crypt:3  | Reached XP level 24. HP: 163/163 MP: 32/32
 47262 | Crypt:3  | Found a basalt altar of Yredelemnul.
 47767 | Crypt:3  | Noticed Khufu
 47888 | Crypt:3  | Killed Khufu
 48171 | Crypt:3  | Found the cursed +13 scythe of Curses {drain, *Curse}
 48220 | Crypt:3  | Found a staircase to the Tomb.
 48489 | Tomb:1   | Entered Level 1 of the Tomb of the Ancients
 49409 | D:15     | Got a coiled pewter ring
 49410 | D:15     | Identified the ring "Damnable Contraption" {Str+5 Dex+2} (You took it off a centaur on level 15 of the Dungeon)
 49441 | D:15     | Got a coiled tin ring
 49442 | D:15     | Identified the ring of Fisatiso {Ice rElec Str+4 Dex+4} (You took it off a deep elf mage on level 15 of the Dungeon)
 49483 | D:15     | Found Goipt's Assorted Antiques.
 49591 | D:15     | Found Fudoefo's Weapon Emporium.
 49701 | Depths:1 | Entered Level 1 of the Depths
 50260 | Depths:1 | Found Ugolouxo's Food Emporium.
 50293 | Depths:1 | Found Eheis's Armour Shoppe.
 50343 | Depths:1 | Found a gateway to Hell.
 50460 | Depths:1 | Reached XP level 25. HP: 77/172 MP: 32/32
 50698 | Depths:1 | Bought the +2 cloak of Parts Unknown {*Slow MR+ Int+2 Dex+3} for 576 gold pieces
 50807 | Depths:1 | Found a one-way gate to the infinite horrors of the Abyss.
 50960 | Depths:2 | Found a gateway to a ziggurat.
 51111 | Depths:2 | Noticed a juggernaut
 51132 | Depths:2 | Killed a juggernaut
 51176 | Depths:2 | Noticed a juggernaut
 51185 | Depths:2 | Killed a juggernaut
 51188 | Depths:2 | Noticed a juggernaut
 51195 | Depths:2 | Killed a juggernaut
 51712 | Depths:2 | Got a heavily runed chain mail
 51713 | Depths:2 | Identified the +10 chain mail of Eternal Night {*Slow rF+ Dex+4} (You found it on level 2 of the Depths)
 52544 | Depths:3 | Reached skill level 5 in Dodging
 52670 | Depths:3 | Reached XP level 26. HP: 180/180 MP: 32/32
 52740 | Depths:3 | Got a polished helmet
 52742 | Depths:3 | Identified the +1 helmet of Sin {*Slow Dex+5} (You acquired it on level 3 of the Depths)
 52929 | Depths:3 | Found a one-way gate leading to the halls of Pandemonium.
 53219 | Depths:3 | Found a glowing silver altar of Zin.
 53899 | Depths:4 | Noticed a juggernaut
 54090 | Depths:3 | Killed a juggernaut
 54124 | Depths:4 | Paralysed by a floating eye for 4 turns
 54606 | Depths:4 | Found Fovvoudime's Gadget Shop.
 54791 | Depths:4 | Found a stormy altar of Qazlal.
 54792 | Depths:4 | Found a shattered altar of Ashenzari.
 54792 | Depths:4 | Found a bloodstained altar of Trog.
 54792 | Depths:4 | Found an ancient bone altar of Kikubaaqudgha.
 54909 | Depths:4 | Found the +8 orange crystal plate armour {Archmagi, Int+3 Clar}
 54910 | Depths:4 | Found a runed door.
 55361 | Depths:5 | Entered Level 5 of the Depths
 55369 | Depths:5 | Found Rungoliff's Assorted Antiques.
 55860 | Depths:5 | Found a gate to the Realm of Zot.
 55901 | Depths:5 | Reached skill level 10 in Dodging
 56234 | Depths:5 | Found the -2 hat of the Alchemist {rElec rPois rF+ rC+ rN+ MR+ rMut rCorr}
 57185 | Orc:2    | Bought 2 potions of mutation for 240 gold pieces
 57652 | Depths:4 | Voluntarily entered the Abyss.
 57853 | Abyss:1  | Reached XP level 27. HP: 188/188 MP: 32/32
 58098 | Abyss:1  | Found a corrupted altar of Lugonu.
 58142 | Abyss:1  | Found a corrupted altar of Lugonu.
 58333 | Abyss:1  | Gained mutation: Your spells are a little easier to cast, but a little less powerful. [a neqoxec]
 58345 | Abyss:1  | Identified the Volume of Creation and Enhancements
 58673 | Abyss:2  | Found a burning altar of Makhleb.
 59018 | Abyss:2  | Paralysed by accursed screaming for 1 turns
 59068 | Abyss:2  | Paralysed by accursed screaming for 1 turns
 59103 | Abyss:3  | Learned a level 3 spell: Regeneration
 59236 | Abyss:3  | Reached skill level 1 in Charms
 59236 | Abyss:3  | Reached skill level 1 in Necromancy
 59485 | Abyss:3  | Reached skill level 5 in Spellcasting
 59582 | Abyss:3  | Gained mutation: You are occasionally teleported next to monsters. [a neqoxec]
 59700 | Abyss:4  | Paralysed by accursed screaming for 1 turns
 59730 | Abyss:4  | Found a corrupted altar of Lugonu.
 59789 | Abyss:4  | Reached skill level 5 in Necromancy
 59829 | Abyss:4  | Found a corrupted altar of Lugonu.
 59914 | Abyss:4  | Lost mutation: You possess an exceptional clarity of mind. [a neqoxec]
 60378 | Abyss:4  | Found a corrupted altar of Lugonu.
 60520 | Abyss:4  | Paralysed by a floating eye for 2 turns
 60530 | Abyss:4  | Got an abyssal rune of Zot
 60737 | Abyss:4  | Gained mutation: You are weak. (Str -2) [a shining eye]
 60738 | Abyss:4  | Gained mutation: Armour fits poorly on your strangely shaped body. [a shining eye]
 60922 | Abyss:4  | Paralysed by accursed screaming for 2 turns
 60940 | Abyss:4  | Paralysed by accursed screaming for 1 turns
 60948 | Abyss:4  | Paralysed by accursed screaming for 1 turns
 61272 | Abyss:4  | Paralysed by accursed screaming for 2 turns
 61279 | Abyss:4  | HP: 8/191 [starcursed mass/accursed screaming (4)]
 61280 | Abyss:4  | Paralysed by accursed screaming for 2 turns
 61328 | Depths:4 | Escaped the Abyss
 61345 | Depths:4 | Lost mutation: You are weak. (Str -2) [potion of mutation]
 61345 | Depths:4 | Lost mutation: You expend magic power (3 MP) to strengthen your wands. [potion of mutation]
 61351 | Depths:4 | Lost mutation: Your spells are a little easier to cast, but a little less powerful. [potion of mutation]
 61351 | Depths:4 | Lost mutation: Armour fits poorly on your strangely shaped body. [potion of mutation]
 61351 | Depths:4 | Gained mutation: You are covered in fur. (AC +1) [potion of mutation]
 61351 | Depths:4 | Gained mutation: You have an increased reservoir of magic. (+10% MP) [potion of mutation]
 61463 | Depths:2 | Upgraded the game from 0.22-a0-322-g60b3cfd402 to 0.22-a0-346-ga7143740d5
 61725 | Vaults:5 | Entered Level 5 of the Vaults
 62214 | Vaults:4 | Reached skill level 10 in Earth Magic
 62218 | Vaults:5 | Noticed an ancient lich
 62697 | Vaults:4 | Killed an ancient lich
 62826 | Vaults:4 | Reached skill level 10 in Spellcasting
 63059 | Vaults:5 | Noticed an ancient lich
 63069 | Vaults:5 | Killed an ancient lich
 63258 | Vaults:5 | Got a sparkling bronze ring
 63520 | Vaults:5 | Got a fine golden ring
 63521 | Vaults:5 | Identified the ring "Bufoalil" {Wiz Int+3} (You took it off a deep elf high priest on level 5 of the Vaults)
 63522 | Vaults:5 | Identified the ring of Linearity {-Tele +Inv rC+ Str+4 SInv} (You took it off an ironbrand convoker on level 5 of the Vaults)
 63530 | Vaults:5 | Got a glittering bronze ring
 63531 | Vaults:5 | Identified the ring "Lieme" {+Fly Str+4 Int-4 Stlth+} (You took it off a deep elf death mage on level 5 of the Vaults)
 63568 | Vaults:5 | Found Qeocu's Book Shoppe.
 63713 | Vaults:5 | Identified the Papyrus of Icy Earth
 63721 | Vaults:5 | Got a silver rune of Zot
 63725 | Vaults:5 | Identified Bietiagg's Incunabulum of Attacks and Enchantment
 63741 | Vaults:5 | Got a scintillating bone ring
 63742 | Vaults:5 | Identified the ring of Vixees {*Contam MR+ Dex+5} (You found it on level 5 of the Vaults)
 64499 | Hell     | Entered the Vestibule of Hell
 64499 | Hell     | Noticed Geryon
 64769 | Hell     | Killed Geryon
 64825 | Hell     | Found a gateway to the freezing wastes of Cocytus.
 65037 | Hell     | Found a gateway to the decaying netherworld of Tartarus.
 65132 | Hell     | Found a gateway to the ashen valley of Gehenna.
 65220 | Hell     | Found a gateway to the Iron City of Dis.
 65336 | Zot:1    | Entered Level 1 of the Realm of Zot
 65366 | Depths:5 | Reached skill level 27 in Shields
 65869 | Zot:1    | Noticed an ancient lich
 65883 | Zot:1    | Killed an ancient lich
 66437 | Zot:1    | Got a wavering bone ring
 66438 | Zot:1    | Identified the ring "Zagema" {rF+ rC+} (You took it off a deep elf high priest on level 1 of the Realm of Zot)
 68432 | Zot:3    | Noticed Tiamat
 68470 | Zot:2    | Killed Tiamat
 70369 | Zot:4    | Got a shimmering double sword
 70370 | Zot:4    | Identified the +3 double sword "Beastslayer" {elec, rPois rC+ Stlth+} (You found it on level 4 of the Realm of Zot)
 71712 | Zot:5    | Entered Level 5 of the Realm of Zot
 71724 | Zot:5    | Noticed an ancient lich
 71734 | Zot:5    | Noticed an orb of fire
 71736 | Zot:5    | Noticed an orb of fire
 71736 | Zot:5    | Noticed an ancient lich
 71745 | Zot:5    | Killed an orb of fire
 71749 | Zot:5    | Noticed an orb of fire
 71749 | Zot:5    | Noticed an orb of fire
 71749 | Zot:5    | Noticed an orb of fire
 71977 | Depths:5 | Upgraded the game from 0.22-a0-346-ga7143740d5 to 0.22-a0-348-gd16d1391c7
 72050 | Dis:1    | Entered Level 1 of the Iron City of Dis
 72102 | Hell     | Gained mutation: Armour fits poorly on your strangely shaped body. [mutagenic glow]
 72108 | Hell     | Lost mutation: Armour fits poorly on your strangely shaped body. [potion of mutation]
 72108 | Hell     | Lost mutation: You are occasionally teleported next to monsters. [potion of mutation]
 72108 | Hell     | Lost mutation: Your natural rate of healing is unusually fast. [potion of mutation]
 72108 | Hell     | Gained mutation: You occasionally shout uncontrollably at your foes. [potion of mutation]
 72108 | Hell     | Gained mutation: You have a somewhat thin skeletal structure. (Dex +2, Stealth) [potion of mutation]
 72108 | Hell     | Gained mutation: You are somewhat resistant to further mutation. [potion of mutation]
 73678 | Tomb:1   | Noticed a greater mummy
 73698 | Tomb:1   | Killed a greater mummy
 73708 | Tomb:1   | Noticed a greater mummy
 73716 | Tomb:1   | Killed a greater mummy
 73812 | Tomb:1   | Noticed a greater mummy
 73821 | Tomb:1   | Killed a greater mummy
 74036 | Tomb:1   | Noticed a greater mummy
 74124 | Tomb:1   | Killed a greater mummy
 74144 | Tomb:1   | Noticed a greater mummy
 74162 | Crypt:3  | Killed a greater mummy
 74197 | Tomb:1   | Noticed a greater mummy
 74212 | Tomb:1   | Killed a greater mummy
 74259 | Tomb:1   | Noticed a greater mummy
 74292 | Tomb:1   | Killed a greater mummy
 74424 | Tomb:1   | Noticed a greater mummy
 74456 | Tomb:1   | Killed a greater mummy
 74480 | Tomb:1   | Noticed a greater mummy
 74552 | Tomb:1   | Killed a greater mummy
 74736 | Tomb:1   | Noticed a greater mummy
 74749 | Tomb:1   | Killed a greater mummy
 75022 | Tomb:1   | Noticed a greater mummy
 75043 | Tomb:1   | Killed a greater mummy
 75158 | Tomb:1   | Noticed a greater mummy
 75171 | Tomb:1   | Killed a greater mummy
 75794 | Tomb:1   | Noticed a greater mummy
 75808 | Tomb:1   | Killed a greater mummy
 75822 | Tomb:1   | Noticed a greater mummy
 75909 | Tomb:1   | Noticed a greater mummy
 76247 | Crypt:3  | Killed a greater mummy
 76677 | Tomb:1   | Killed a greater mummy
 77047 | Tomb:1   | Noticed a greater mummy
 77054 | Tomb:1   | Killed a greater mummy
 78191 | Tomb:1   | Noticed a greater mummy
 78205 | Tomb:1   | Killed a greater mummy
 78492 | Tomb:1   | Noticed a greater mummy
 78715 | Tomb:1   | Killed a greater mummy
 78731 | Tomb:1   | Noticed a greater mummy
 78741 | Tomb:1   | Killed a greater mummy
 79235 | Tomb:1   | Noticed a greater mummy
 79245 | Tomb:1   | Killed a greater mummy
 80290 | Tomb:1   | Noticed a greater mummy
 80302 | Tomb:1   | Killed a greater mummy
 81188 | Tomb:1   | Noticed a greater mummy
 81194 | Tomb:1   | Killed a greater mummy
 81853 | Geh:1    | Entered Level 1 of Gehenna
 82818 | Geh:1    | Reached skill level 27 in Fighting
 85602 | Geh:4    | Reached skill level 27 in Long Blades
 87127 | Geh:7    | Entered Level 7 of Gehenna
 87205 | Geh:7    | HP: 5/199 [molten gargoyle/bolt of magma (17)]
 87205 | Geh:7    | Killed from afar by a molten gargoyle

Vault maps used:
D:1:      mrwooster_arrival_statue_2
D:2:      first_ration, uniq_terence, uniq_robin
D:4:      lemuel_crystal_altar, uniq_pikel
D:5:      grunt_dithmenos_smoke_and_mirrors
D:6:      grunt_temple_overflow_open, minmay_temple_entry_overgrown,
          dk_rats_in_the_wall
D:7:      grunt_gozag_statues, lemuel_mausoleum_altar_kikubaaqudgha,
          serial_shops, shop
D:9:      evilmike_ruin_ashenzari, dpeg_lair_monsters, serial_glass,
          glass_columns_a, glass_columns_c, enter_bailey_2
D:10:     special_room, hangedman_ranch, uniq_gastronok
D:11:     hiddenorc2_lemuel, hangedman_decor_push, minmay_fountain_box,
          hangedman_tell_no_tales
D:12:     nrook_loot_triangle, skrybe_limestone_x,
          hangedman_parallel_progression, uniq_kirke, uniq_urug
D:13:     serial_shops, kennysheep_mini, einodemon_barbed_minivault
D:14:     david_vaults_3, fedhas_altar_3, basic_altar, uniq_rupert
D:15:     hangedman_spin_cycle, uniq_azrael, uniq_nessos
Temple:   regret_index_temple_generic_petals
Lair:2:   elwin_shoals_entry_rooms
Lair:3:   minmay_snake_entry_guardpost_large, lab_entry_generic
Lair:4:   grunt_megastairs_4, uniq_snorg
Lair:6:   minmay_lair_end_frog_pond, slime_dummy, infiniplex_staircase_pool
Shoals:1: uniq_josephine, uniq_donald
Shoals:2: uniq_frances
Shoals:3: uniq_louise, uniq_ilsuiw
Shoals:4: shoals_end_simple, shoals_ilsuiw_alternative, serial_shops, shop,
          nicolae_shoals_aquamancer_cove, uniq_jorgrun
Snake:1:  st_stairs_3
Snake:2:  serial_shops, shop, uniq_saint_roka, uniq_asterion
Snake:3:  serial_shops, nicolae_shop_trees, abandoned_shop, grunt_ministairs_13,
          nicolae_snake_round_shape_thing, guppyfry_snake_island,
          lemuel_fruit_tree, minmay_shop_grove
Snake:4:  minmay_snake_end_coiled
Orc:1:    uniq_erica
Orc:2:    st_orc_congregation, nicolae_orc_rockfall, uniq_sonja
Elf:1:    eino_elf_arrival_customs, serial_shops, shop, minivault_28
Elf:3:    minmay_elf_hall_dome, serial_shops, nicolae_shop_stone, special_room,
          grunt_megastairs_3, uniq_mara
Vaults:1: hangedman_vaults_trim, vaults_mumra_hex, vaults_room_ringed_pool,
          st_hourglassy, v_alt_pattern_2, v_misc_8, nicolae_vaults_gold_heap,
          hangedman_vaults_pinch, nicolae_vaults_diagonal_hallway_9,
          ontoclasm_vaults_gateway, v_misc_13, vaults_room_grunt_arrival_ludios,
          serial_shops, bzr_entry_lakeside
Vaults:2: ontoclasm_vaults_idyll, ontoclasm_vaults_idyll,
          minmay_crypt_entry_simple_corners, v_alt_pattern_2, vaults_dpeg_hooks,
          ontoclasm_vaults_decontamination, ontoclasm_vaults_misaligned,
          nicolae_vaults_disjoint_gnomons, hangedman_vaults_nails,
          vaults_room_guarded_vault
Vaults:3: hangedman_vaults_restitches, nicolae_vaults_circle_grid_a,
          nicolae_vaults_disjoint_gnomons, v_misc_30, hangedman_vaults_nails,
          grunt_vaults_hallway_long, vaults_room_stairs_pillars,
          nicolae_vaults_rhombus_5, serial_shops, shop, uniq_boris
Vaults:4: nicolae_vaults_hallways_thing, vaults_room_hallway, v_misc_19,
          v_rooms_1, v_misc_22, vaults_mumra_minichess_inversion, v_misc_16,
          vaults_room_grunt_arrival_checkpoint, ontoclasm_vaults_tryst,
          v_pattern_2, vaults_dpeg_ring, serial_ice_b, basic_altar,
          serial_shops, shop, uniq_aizul
Crypt:1:  library_closet
Crypt:2:  roderic_lattice_octagonal_star
Crypt:3:  grunt_crypt_end_deaths_head
Depths:1: hell_entry, minmay_room_of_horrors, kilobyte_mutagenic_chamber,
          grunt_megastairs_1, minmay_shoptagon
Depths:2: cheibrodos_leafed_vault, enter_ziggurat_b, corexii_leaking_fountain,
          hellmouth_1, serial_sigils, serial_sigils_hangedman_carve,
          serial_sigils_hangedman_scratch, serial_sigils_hangedman_gut,
          serial_sigils_hangedman_etch, abyss_entry
Depths:3: minmay_imperfect_grid, minmay_misc_feat_secret_circle, hell_entry,
          pan_entry, minmay_misc_feat_roman, spider_trap,
          kennysheep_flooded_box, grunt_ministairs_4
Depths:4: minmay_the_grid_octo_tiled_octocenter, serial_shops, shop_statue,
          grunt_mini_vestibule, abyss_entry
Depths:5: grunt_zot_entry_bicorn, serial_bayou_pond_b, serial_shops,
          nicolae_shop_temple_entry_statues_fountains, hell_entry,
          serial_bayou_shore_b
Geh:1:    lemuel_flamethrower_3
Geh:7:    geh_grunt_pentagon
Zot:1:    hangedman_zot_vaults_quadrants, st_stairs_5, hangedman_zot_spectrum
Zot:3:    st_single_dragon_hoard_4, uniq_tiamat
Zot:4:    zot_minivault_6, lemuel_elevator
Zot:5:    grunt_ministairs_1
Abyss:2:  grunt_abyss_exit_deep_breaths
Abyss:3:  evilmike_nicolae_abyss_rune_betentacled_crabyss
Abyss:4:  evilmike_abyss_exit_12, due_evilmike_abyss_rune_seething_liches,
          minivault_11
Lab:      labyrinth_mini_lab, nicolae_lab_swirl
Bazaar:   bazaar_minmay_generic_island
Bailey:   bailey_polearm_4, bailey

Skill      XL: |  1  2  3  4  5  6  7  8  9 10 11 12 13 14 15 16 17 18 19 20 21 22 23 24 25 26 27 |
---------------+----------------------------------------------------------------------------------+-----
Long Blades    | 2 3 5 6 8 9 10 11 12 13 14 15 16 17 18 19 20 27 | 27.0
Shields        | 4 5 6 7 8 10 11 12 13 14 16 17 19 20 21 22 23 24 25 27 | 27.0
Fighting       | 5 7 8 9 10 11 12 13 14 15 16 17 18 19 20 21 22 23 27 | 27.0
Armour         | 4 5 6 7 8 9 10 11 12 13 14 15 16 17 18 19 26 | 26.0
Dodging        | 1 2 3 7 10 13 | 13.6
Invocations    | 2 4 6 7 8 9 10 11 12 | 12.0
Spellcasting   | 2 3 10 | 10.0
Transmutations | 2 3 |  3.0
Earth Magic    | 3 6 11 | 11.6
Charms         | 3 |  3.1
Necromancy     | 5 |  5.1

Action                   |  1- 3 |  4- 6 |  7- 9 | 10-12 | 13-15 | 16-18 | 19-21 | 22-24 | 25-27 || total
-------------------------+-------+-------+-------+-------+-------+-------+-------+-------+-------++-------
Melee: Long sword        |   112 |   245 |   411 |   875 |    97 |       |       |       |       ||  1740
       Spear             |       |       |       |   124 |       |       |       |       |       ||   124
       Double sword      |       |       |       |       |  1188 |   484 |       |       |       ||  1672
       Unarmed           |       |       |       |       |    12 |       |       |       |       ||    12
       Scimitar          |       |       |       |       |       |    47 |       |       |       ||    47
       Demon blade       |       |       |       |       |       |   885 |  1477 |  1881 |  5931 || 10174
Throw: Javelin           |       |       |       |       |     2 |       |       |       |       ||     2
       Throwing net      |       |       |       |       |     1 |       |       |       |       ||     1
 Cast: Passwall          |       |       |       |       |     3 |       |       |       |       ||     3
       Lee's Rapid Decon |       |       |       |       |     1 |       |     3 |       |    93 ||    97
       Regeneration      |       |       |       |       |       |       |       |       |    53 ||    53
Invok: Bend Time         |       |       |     1 |     6 |     4 |     4 |     4 |     3 |     2 ||    24
       Slouch            |       |       |       |     1 |     4 |     1 |     9 |    10 |    12 ||    37
 Abil: Fly               |       |       |       |       |       |     1 |       |       |       ||     1
Evoke: Wand              |       |       |       |     3 |       |       |       |     2 |     1 ||     6
  Use: Scroll            |       |       |     6 |    14 |     8 |    17 |    19 |     9 |    38 ||   111
       Potion            |       |       |     2 |     7 |     3 |     3 |     2 |     1 |    10 ||    28
 Stab: Petrified         |       |       |       |       |     2 |       |       |       |       ||     2
       Paralysed         |       |       |       |       |       |       |       |       |     1 ||     1
  Eat: Chunk             |     1 |     5 |     7 |     6 |    17 |     6 |     3 |    10 |    15 ||    70
       Ration            |       |       |     2 |     1 |     1 |     4 |     6 |     4 |    21 ||    39
Armor: Scale mail        |    82 |    19 |       |       |       |       |       |       |       ||   101
       Chain mail        |       |   144 |   195 |   450 |   504 |   508 |   487 |   477 |   118 ||  2883
       Gold dragon scale |       |       |       |       |       |       |       |       |  1924 ||  1924
Dodge: Dodged            |    52 |    69 |   120 |   314 |   424 |   184 |   173 |   181 |  1451 ||  2968
       Deflected         |       |       |       |       |       |       |    12 |     2 |       ||    14
Block: Shield            |    90 |   150 |   207 |   734 |  1473 |  2468 |  2159 |  2620 |  8761 || 18662
       Rpst.: Long sword |    16 |    26 |    44 |    77 |     1 |       |       |       |       ||   164
       Double sword      |       |       |       |       |    83 |    25 |       |       |       ||   108
       Scimitar          |       |       |       |       |       |     2 |       |       |       ||     2
       Demon blade       |       |       |       |       |       |    14 |    29 |    27 |   222 ||   292

Table legend:
 A = Spawn XP
 B = Non-spawn XP
 C = Spawn XP percentage of total XP
 D = Spawn monster count
 E = Non-spawn monster count
 F = Spawn count percentage of total count
 G = Total turns spent on level
                    A         B        C        D         E        F      G
               +---------+---------+-------+---------+---------+-------+---------
         Total |  195750 | 2423070 |   7.5 |     345 |    3694 |   8.5 | 87205
               +---------+---------+-------+---------+---------+-------+---------
           D:1 |       0 |      96 |   0.0 |       0 |      26 |   0.0 |  1189
           D:2 |       0 |     114 |   0.0 |       0 |      28 |   0.0 |   678
           D:3 |       0 |      95 |   0.0 |       0 |      21 |   0.0 |   464
           D:4 |       0 |     950 |   0.0 |       0 |      16 |   0.0 |   678
           D:5 |       0 |     959 |   0.0 |       0 |      40 |   0.0 |  1217
           D:6 |       0 |    2109 |   0.0 |       0 |      26 |   0.0 |  1318
           D:7 |       0 |    2012 |   0.0 |       0 |      26 |   0.0 |   972
           D:8 |       0 |    3520 |   0.0 |       0 |      37 |   0.0 |  1209
           D:9 |       0 |    3366 |   0.0 |       0 |      18 |   0.0 |   853
          D:10 |       0 |   10543 |   0.0 |       0 |      57 |   0.0 |  1355
          D:11 |       0 |    7245 |   0.0 |       0 |      85 |   0.0 |  1249
          D:12 |       0 |   16629 |   0.0 |       0 |      88 |   0.0 |  1098
          D:13 |       0 |   15334 |   0.0 |       0 |      59 |   0.0 |   965
          D:14 |       0 |   14098 |   0.0 |       0 |      32 |   0.0 |   753
          D:15 |       0 |   40363 |   0.0 |       0 |      75 |   0.0 |  1363
        Lair:1 |       0 |    4595 |   0.0 |       0 |      24 |   0.0 |  1263
        Lair:2 |       0 |   14263 |   0.0 |       0 |      32 |   0.0 |  1356
        Lair:3 |       0 |    8851 |   0.0 |       0 |      37 |   0.0 |  1259
        Lair:4 |       0 |    9710 |   0.0 |       0 |      30 |   0.0 |   861
        Lair:5 |       0 |   13702 |   0.0 |       0 |      62 |   0.0 |  1326
        Lair:6 |       0 |   18890 |   0.0 |       0 |      67 |   0.0 |   988
      Shoals:1 |       0 |    7364 |   0.0 |       0 |      11 |   0.0 |  1094
      Shoals:2 |       0 |    8051 |   0.0 |       0 |      14 |   0.0 |  1250
      Shoals:3 |       0 |   17876 |   0.0 |       0 |      28 |   0.0 |   754
      Shoals:4 |       0 |   41602 |   0.0 |       0 |      68 |   0.0 |  1488
       Snake:1 |       0 |   40318 |   0.0 |       0 |      61 |   0.0 |  1757
       Snake:2 |       0 |   14169 |   0.0 |       0 |      29 |   0.0 |  1081
       Snake:3 |       0 |   28493 |   0.0 |       0 |      60 |   0.0 |  1187
       Snake:4 |       0 |   39943 |   0.0 |       0 |      72 |   0.0 |  1389
         Orc:1 |       0 |    4790 |   0.0 |       0 |      56 |   0.0 |   754
         Orc:2 |       0 |   14041 |   0.0 |       0 |      90 |   0.0 |  1683
         Elf:1 |       0 |   33986 |   0.0 |       0 |      57 |   0.0 |  1372
         Elf:2 |       0 |   33851 |   0.0 |       0 |      48 |   0.0 |  1061
         Elf:3 |       0 |   90743 |   0.0 |       0 |     120 |   0.0 |  1804
      Vaults:1 |       0 |   48171 |   0.0 |       0 |      88 |   0.0 |  1920
      Vaults:2 |       0 |   44464 |   0.0 |       0 |      64 |   0.0 |  2335
      Vaults:3 |       0 |   54675 |   0.0 |       0 |      80 |   0.0 |  1705
      Vaults:4 |       0 |  145481 |   0.0 |       0 |     147 |   0.0 |  2396
      Vaults:5 |       0 |   64662 |   0.0 |       0 |      40 |   0.0 |  1369
       Crypt:1 |       0 |   40806 |   0.0 |       0 |      54 |   0.0 |   978
       Crypt:2 |       0 |   25491 |   0.0 |       0 |      36 |   0.0 |  1035
       Crypt:3 |       0 |  105654 |   0.0 |       0 |     141 |   0.0 |  3241
        Tomb:1 |       0 |  161366 |   0.0 |       0 |      72 |   0.0 |  7713
      Depths:1 |       0 |   69754 |   0.0 |       0 |      93 |   0.0 |  1628
      Depths:2 |       0 |   82518 |   0.0 |       0 |      77 |   0.0 |  1628
      Depths:3 |       0 |   82342 |   0.0 |       0 |      77 |   0.0 |  1847
      Depths:4 |      28 |   58051 |   0.0 |       1 |      47 |   2.1 |  1364
      Depths:5 |       0 |   54280 |   0.0 |       0 |      39 |   0.0 |  1723
          Hell |       0 |   37966 |   0.0 |       0 |      61 |   0.0 |   983
         Dis:1 |       0 |    1719 |   0.0 |       0 |       4 |   0.0 |    55
         Geh:1 |       0 |   68704 |   0.0 |       0 |     110 |   0.0 |  1202
         Geh:2 |       0 |   36298 |   0.0 |       0 |      87 |   0.0 |   672
         Geh:3 |       0 |   70773 |   0.0 |       0 |     111 |   0.0 |  1314
         Geh:4 |       0 |   50399 |   0.0 |       0 |      88 |   0.0 |   450
         Geh:5 |       0 |   37703 |   0.0 |       0 |      76 |   0.0 |   373
         Geh:6 |       0 |   71327 |   0.0 |       0 |      86 |   0.0 |  1004
         Geh:7 |       0 |    7891 |   0.0 |       0 |      23 |   0.0 |    78
         Zot:1 |       0 |  166815 |   0.0 |       0 |     104 |   0.0 |  1825
         Zot:2 |       0 |   38668 |   0.0 |       0 |      19 |   0.0 |  1096
         Zot:3 |       0 |   72161 |   0.0 |       0 |      43 |   0.0 |  1867
         Zot:4 |       0 |   60183 |   0.0 |       0 |      31 |   0.0 |  1527
         Zot:5 |       0 |   15477 |   0.0 |       0 |       4 |   0.0 |    83
       Abyss:1 |   28891 |   25915 |  52.7 |      45 |      42 |  51.7 |   974
       Abyss:2 |   25752 |    6151 |  80.7 |      67 |      19 |  77.9 |   470
       Abyss:3 |   26108 |   29167 |  47.2 |      57 |      57 |  50.0 |   535
       Abyss:4 |  114971 |   21641 |  84.2 |     175 |      57 |  75.4 |  1697
           Lab |       0 |    1192 |   0.0 |       0 |       1 |   0.0 |   330
        Bailey |       0 |    2534 |   0.0 |       0 |      16 |   0.0 |   504
               +---------+---------+-------+---------+---------+-------+---------
